 Dungeon Sprint DCSS version 0.18-b1-18-g7758cf2 (webtiles) character file.

122308 Kidiri the Imperceptible (level 15, -3/81 HPs)
             Began as a Spriggan Enchanter on May 2, 2016.
             Was the Champion of Dithmenos.
             Slain by a vampire knight (13 damage)
             ... in the Dungeon (Sprint III: "The Ten Rune Challenge").
             The game lasted 00:50:24 (8873 turns).

Kidiri the Imperceptible (Spriggan Enchanter)       Turns: 8873, Time: 00:50:24

Health: -3/81      AC: 11    Str:  2    XL:     15   Next: 63%
Magic:  23/39      EV: 39    Int: 21    God:    Dithmenos [******]
Gold:   3146       SH: 10    Dex: 22    Spells: 13 memorised, 2 levels left

rFire  . . .     SeeInvis +     t - +8 quick blade
rCold  . . .     Gourm    .     c - +2 robe {MR+}
rNeg   . . .     Faith    .     l - +2 buckler {AC+3}
rPois  .         Spirit   .     p - +1 hat
rElec  .         Dismiss  .     k - +1 cloak "Naumm" {Dex+3 SInv}
rCorr  .         Reflect  .     (gloves unavailable)
SustAt .         Harm     .     (boots unavailable)
MR     +++..     NoTele   +     (no amulet)
Stlth  ++++++++++               (no ring)
                                (no ring)

@: wreathed by umbra, very quick, extremely resistant to hostile enchantments,
uncannily stealthy
A: unfitting armour, see invisible, blink, deformed body, herbivore 3, speed 3,
shaggy fur 1, slow metabolism 2, weak 1, wild magic 1, evolution 1
a: Blink, Shadow Step, Shadow Form, Renounce Religion
}: 2/10 runes: serpentine, barnacled


You were in the Dungeon.
You worshipped Dithmenos.
Dithmenos was exalted by your worship.
You were not hungry.

You visited 1 branch You collected 4357 gold pieces.
You spent 1211 gold pieces at shops.

Inventory:

Hand Weapons
 t - a +8 quick blade (weapon)
Missiles
 a - 13 throwing nets (quivered)
Armour
 c - a +2 robe of magic resistance (worn)
 k - the +1 cloak "Naumm" (worn) {Dex+3 SInv}
   (You bought it in a shop in the Dungeon)

   It affects your dexterity (+3).
   It lets you see invisible.
 l - a +2 buckler of protection (worn)
 p - a +1 hat (worn)
 u - a +0 robe of cold resistance
Scrolls
 j - a scroll of blinking
 r - 2 scrolls of brand weapon
Potions
 b - a potion of invisibility
 e - 2 potions of curing
 g - a potion of haste
 i - a potion of lignification
 n - 2 potions of cure mutation
 s - a potion of resistance
Comestibles
 d - a bread ration
 m - 27 royal jellies
 q - 3 fruits


   Skills:
 + Level 10.3 Fighting
 * Level 17.7 Short Blades
 + Level 12.7 Armour
 * Level 21.8 Dodging
 * Level 23.6 Stealth
 + Level 4.9 Shields
 * Level 19.0 Spellcasting
 + Level 9.6 Conjurations
 + Level 14.4 Hexes
 + Level 9.3 Charms
 + Level 14.2 Transmutations
 + Level 10.3 Ice Magic
 + Level 5.8 Air Magic
 + Level 10.6 Earth Magic
 - Level 2.4 Invocations


You had 2 spell levels left.
You knew the following spells:

 Your Spells              Type           Power        Failure   Level  Hunger
a - Corona                Hex            #######      1%          1    None
b - Ensorcelled Hibernat  Hex/Ice        ######       1%          2    None
c - Confuse               Hex            #######.     1%          3    None
d - Tukima's Dance        Hex            #######.     1%          3    None
e - Dazzling Spray        Conj/Hex       ######..     1%          3    None
f - Passwall              Trmt/Erth      #######...   1%          2    None
g - Stone Arrow           Conj/Erth      ######       1%          3    None
h - Petrify               Trmt/Erth      #######.     1%          4    None
i - Lee's Rapid Deconstr  Erth           ######....   2%          5    #......
j - Cause Fear            Hex            #######...   1%          4    None
k - Deflect Missiles      Chrm/Air       ######....   32%         6    ####...
l - Haste                 Chrm           ######..     17%         6    ####...
m - Discord               Hex            #######...   67%         8    #######


Dungeon Overview and Level Annotations

Branches:
Dungeon (1/1)

Altars:
Cheibriados
Dithmenos
Elyvilon
Fedhas
Gozag
Kikubaaqudgha
Makhleb
Nemelex Xobeh
Okawaru
Pakellas
Qazlal
Ru
Sif Muna
Trog
Vehumet
Xom
Yredelemnul
Zin
The Shining One
Jiyva
Lugonu

Shops:
D (%}%(%=[%}!(?%!}:=*?(=[

Annotations:
D exclusion: 3 doors, Chuck, Mara


Innate Abilities, Weirdness & Mutations

You are tiny and cannot use many weapons and most armour.
You have supernaturally acute eyesight.
You are a herbivore.
You cover ground extremely quickly.
You need consume almost no food.
You can translocate small distances at will.
Armour fits poorly on your strangely shaped body.
You are covered in fur (AC +1).
You are weak. (Str -2)
Your spells are a little harder to cast, but a little more powerful.
You evolve.


Message History

Unknown command.
Casting: Stone Arrow
Confirm with . or Enter, or press ? or * to list all spells.
Aiming: Dazzling Spray
Press: ? - help, Shift-Dir - straight line, f/p - vampire knight
Aim: a vampire knight, wearing a chain mail (heavily damaged, fast, slightly transparent, umbra)
The spray of energy hits the vampire knight.
The vampire knight is heavily damaged.
The spray of energy hits Mara.
Mara is lightly wounded.
Your shadow mimicks your spell!
The shadow shard hits the vampire knight.
The vampire knight is infused with unholy energy.
* * * LOW HITPOINT WARNING * * *
The vampire knight draws life force from you and is healed!
Mara barely misses you.
Your great mace hits the vampire knight.
The vampire knight completely misses you.
The vampire knight bites you!
You die...

≈≈≈≈≈≈.▓#.#.###...#.∩∩∩∩.#....)#.
≈≈≈≈≈≈≈▓#.#+#.....#.∩∩∩∩.#)....#.
≈≈≈≈≈≈≈▓#.#.......#......#.#)#.+.
≈≈≈≈≈≈.▓#.#.......###++###..#..#.
≈≈≈≈≈.∩▓#....§....#.8..8.#)....##
≈≈≈≈≈.∩▓#########.#§§....########
≈≈≈≈≈.∩▓#.#.#.#§#§.......#.....+.
≈≈≈≈..)▓#...R..R.§.§.....#.######
▓▓▓▓▓▓▓▓#...V.RV@........#)).+..#
########(##############)).#...
#...###RV§## #≈§≈§≈≈#######.^.
#...##....R## #(§≈P§#.#.......
#+###...R...###R..P≈#.▓+▓▓▓▓▓▓
+...'.......(@..§§....▓..#^...
#'###.......#####.P≈#.▓..#^^..
#≈≈≈##.....##...##P≈#.▓..#..##
#'#+###...###.#..##'##▓.^#..#


You could see 3 Maras, 2 vampire knights and a friendly great mace.

Vanquished Creatures
  Boris (D)
  Frederick (D)
  Sigmund (D)
  Rupert (D)
  2 sphinxes (D)
  A deep elf master archer (D)
  2 liches (D)
  Polyphemus (D)
  Gastronok (D)
  2 shadow dragons (D)
  Ilsuiw (D)
  A greater naga (D)
  Maud (D)
  2 dire elephants (D)
  A deep elf demonologist (D)
  3 deep elf annihilators (D)
  A merfolk javelineer (D)
  4 mummy priests (D)
  A fire dragon (D)
  A deep elf high priest (D)
  A yaktaur captain (D)
  2 hydras (D)
  A naga warrior (D)
  An ogre mage (D)
  2 centaur warriors (D)
  Erica (D)
  5 anacondas (D)
  4 death yaks (D)
  A hell hog (shapeshifter) (D)
  4 dancing weapons (D)
  4 hell knights (D)
  2 deep elf knights (D)
  An iron golem (D)
  A small abomination (D)
  A sea snake (D)
  An anaconda zombie (D)
  A golden dragon zombie (D)
  A shadow wraith (D)
  3 skeletal warriors (D)
  A death drake (D)
  2 unseen horrors (D)
  2 spectral iron dragons (D)
  A spriggan druid (D)
  A hill giant (shapeshifter) (D)
  A lindwurm (D)
  An orange crystal statue (D)
  A cyclops (shapeshifter) (D)
  An obsidian statue (D)
  2 oklob plants (D)
  4 crystal guardians (D)
  3 deep elf magi (D)
  A hornet (D)
  4 ugly things (D)
  A moth of wrath (shapeshifter) (D)
  2 elephants (D)
  2 stone giant skeletons (D)
  An eye of devastation (shapeshifter) (D)
  A guardian serpent (D)
  5 black mambas (D)
  4 statues (D)
  A molten gargoyle (D)
  Edmund (D)
  2 spiny frogs (D)
  A komodo dragon (D)
  A rime drake (D)
  3 guardian mummies (D)
  A queen bee (D)
  3 wandering mushrooms (D)
  4 spriggan defenders (D)
  8 blink frogs (D)
  2 giant leeches (D)
  7 slime creatures (D)
  3 redbacks (D)
  2 spriggans (D)
  A shadow (D)
  A spatial vortex (D)
  6 water moccasins (D)
  2 nagas (D)
  A hydra simulacrum (D)
  A giant eyeball (shapeshifter) (D)
  A swamp drake (D)
  A necrophage (D)
  2 wasps (D)
  2 orc warriors (D)
  2 centaurs (D)
  An earth elemental (D)
  A water elemental (D)
  32 killer bees (D)
  An electric eel (D)
  A jelly (D)
  8 orc priests (D)
  Jessica (D)
  A wizard (D)
  2 necromancers (D)
  3 sheep (D)
  3 humans (D)
  A kobold demonologist (D)
  4 adders (D)
  An ooze (D)
  A phantom (D)
  8 orcs (D)
  2 rats (D)
  A crawling corpse (D)
  3 plants (D)
241 creatures vanquished.

Vanquished Creatures (collateral kills)
  An orc knight (D)
  A deep elf mage (D)
  3 orcs (D)
5 creatures vanquished.

Vanquished Creatures (others)
  2 draconian scorchers (D)
  Nessos (D)
  3 yaktaurs (D)
  A bush (D)
  3 plants (D)
10 creatures vanquished.

Grand Total: 256 creatures vanquished

Notes
Turn   | Place    | Note
--------------------------------------------------------------
     0 | D        | Kidiri the Spriggan Enchanter began the quest for the Orb.
     0 | D        | Reached XP level 1. HP: 9/9 MP: 5/5
    28 | D        | Killed a yaktaur
   141 | D        | Noticed Jessica
   143 | D        | Killed Jessica
   143 | D        | Reached skill level 1 in Fighting
   143 | D        | Reached skill level 1 in Armour
   143 | D        | Reached skill level 5 in Stealth
   143 | D        | Reached XP level 2. HP: 14/14 MP: 5/7
   143 | D        | Reached XP level 3. HP: 18/18 MP: 6/9
   149 | D        | Learned a level 2 spell: Ensorcelled Hibernation
   153 | D        | Learned a level 3 spell: Confuse
   157 | D        | Learned a level 3 spell: Dazzling Spray
   171 | D        | Killed a white draconian scorcher
   173 | D        | Killed a white draconian scorcher
   195 | D        | Reached skill level 5 in Dodging
   195 | D        | Reached skill level 6 in Stealth
   370 | D        | Killed a yaktaur
   521 | D        | Gained mutation: You can translocate small distances at will. [potion of mutation]
   521 | D        | Gained mutation: Your spells are a little harder to cast, but a little more powerful. [potion of mutation]
   522 | D        | Gained mutation: Armour fits poorly on your strangely shaped body. [potion of mutation]
   522 | D        | Gained mutation: You are covered in fur (AC +1). [potion of mutation]
   523 | D        | Gained mutation: You evolve. [potion of mutation]
   523 | D        | Gained mutation: You regenerate slowly when monsters are visible. [potion of mutation]
   547 | D        | Noticed a water elemental
   553 | D        | Killed a water elemental
   553 | D        | Reached skill level 7 in Stealth
   553 | D        | Reached skill level 1 in Conjurations
   553 | D        | Reached skill level 1 in Ice Magic
   553 | D        | Reached XP level 4. HP: 23/23 MP: 6/11
   569 | D        | Learned a level 3 spell: Tukima's Dance
   600 | D        | Noticed a shadow
   602 | D        | Killed a shadow
   602 | D        | Reached skill level 5 in Short Blades
   602 | D        | Reached skill level 8 in Stealth
   602 | D        | Reached skill level 5 in Hexes
   602 | D        | Reached XP level 5. HP: 27/27 MP: 11/14
   606 | D        | Reached XP level 6. HP: 32/32 MP: 10/16
   645 | D        | Found an oddly glowing altar of Pakellas.
   645 | D        | Found a stormy altar of Qazlal.
   646 | D        | Found a sacrificial altar of Ru.
   646 | D        | Found a burning altar of Makhleb.
   646 | D        | Found a viscous altar of Jiyva.
   646 | D        | Found a shimmering altar of Xom.
   646 | D        | Found a shadowy altar of Dithmenos.
   646 | D        | Found a sparkling altar of Nemelex Xobeh.
   646 | D        | Found a corrupted altar of Lugonu.
   646 | D        | Found an opulent altar of Gozag.
   646 | D        | Noticed a spatial vortex
   651 | D        | Became a worshipper of Dithmenos the Shadowed
   887 | D        | Killed a spatial vortex
   887 | D        | Reached skill level 9 in Stealth
   887 | D        | Reached skill level 1 in Invocations
   964 | D        | Found a radiant altar of Vehumet.
   965 | D        | Found a deep blue altar of Sif Muna.
   965 | D        | Found an ancient bone altar of Kikubaaqudgha.
   972 | D        | Noticed a smoke demon
   972 | D        | Reached * piety under Dithmenos
   989 | D        | Learned a level 2 spell: Passwall
   993 | D        | Learned a level 3 spell: Stone Arrow
  1039 | D        | Killed a yaktaur
  1066 | D        | Found a glowing silver altar of Zin.
  1067 | D        | Found a glowing golden altar of the Shining One.
  1067 | D        | Found a white marble altar of Elyvilon.
  1067 | D        | Noticed a deep elf mage
  1070 | D        | HP: 1/32 [deep elf mage/bolt of lightning (31)]
  1090 | D        | Killed a deep elf mage
  1090 | D        | Reached skill level 10 in Stealth
  1090 | D        | Reached skill level 1 in Transmutations
  1090 | D        | Reached skill level 1 in Earth Magic
  1090 | D        | Reached XP level 7. HP: 28/36 MP: 13/19
  1225 | D        | Learned a level 4 spell: Petrify
  1225 | D        | Found an iron altar of Okawaru.
  1226 | D        | Found a bloodstained altar of Trog.
  1226 | D        | Noticed a human
  1226 | D        | Noticed a human
  1234 | D        | Killed a human
  1249 | D        | Killed a human
  1344 | D        | Found a snail-covered altar of Cheibriados.
  1345 | D        | Found a basalt altar of Yredelemnul.
  1345 | D        | Found a blossoming altar of Fedhas.
  1346 | D        | Reached ** piety under Dithmenos
  1346 | D        | Reached XP level 8. HP: 40/40 MP: 21/21
  1365 | D        | Noticed Erica
  1368 | D        | Killed Erica
  1368 | D        | Reached skill level 5 in Armour
  1368 | D        | Reached skill level 10 in Dodging
  1368 | D        | Reached skill level 11 in Stealth
  1552 | D        | Noticed a centaur warrior
  1565 | D        | Killed a centaur warrior
  1565 | D        | Reached *** piety under Dithmenos
  1565 | D        | Reached skill level 12 in Stealth
  1565 | D        | Reached XP level 9. HP: 28/46 MP: 17/23
  1594 | D        | Learned a level 5 spell: Lee's Rapid Deconstruction
  1693 | D        | Noticed an unseen horror
  1693 | D        | Noticed an unseen horror
  1696 | D        | Killed an unseen horror
  1696 | D        | Reached skill level 10 in Spellcasting
  1696 | D        | Reached skill level 5 in Transmutations
  1699 | D        | Killed an unseen horror
  1699 | D        | Reached skill level 13 in Stealth
  1732 | D        | Noticed a queen bee
  1736 | D        | Reached **** piety under Dithmenos
  1750 | D        | Reached XP level 10. HP: 51/51 MP: 8/25
  1755 | D        | Reached ***** piety under Dithmenos
  2028 | D        | Reached skill level 5 in Fighting
  2040 | D        | Reached ****** piety under Dithmenos
  2184 | D        | Reached skill level 5 in Ice Magic
  2194 | D        | Reached skill level 14 in Stealth
  2207 | D        | Reached skill level 10 in Short Blades
  2437 | D        | Reached skill level 5 in Conjurations
  2482 | D        | Noticed a spiny frog
  2482 | D        | Noticed a spiny frog
  2486 | D        | Killed a spiny frog
  2489 | D        | Killed a spiny frog
  2520 | D        | Noticed a lindwurm
  2523 | D        | Killed a lindwurm
  2523 | D        | Reached skill level 5 in Earth Magic
  2523 | D        | Reached XP level 11. HP: 56/56 MP: 22/27
  2525 | D        | Reached skill level 15 in Stealth
  2532 | D        | Noticed Maud
  2534 | D        | Killed Maud
  2561 | D        | Noticed a seven-headed hydra
  2561 | D        | Noticed an eight-headed hydra
  2564 | D        | Killed a seven-headed hydra
  2565 | D        | Killed an eight-headed hydra
  2578 | D        | Noticed a death drake
  2580 | D        | Killed a death drake
  2627 | D        | Found a blossoming altar of Fedhas.
  2627 | D        | Noticed a spriggan druid
  2631 | D        | Killed a spriggan druid
  2631 | D        | Reached skill level 16 in Stealth
  2738 | D        | Noticed Polyphemus
  2739 | D        | Noticed a sea snake
  2739 | D        | Noticed Ilsuiw
  2739 | D        | Found Entad's Antique Weapon Emporium.
  2740 | D        | Killed Polyphemus
  2740 | D        | Reached skill level 15 in Dodging
  2744 | D        | Reached skill level 10 in Hexes
  2748 | D        | Killed Ilsuiw
  2797 | D        | Killed Nessos
  2824 | D        | Found Hihotwec's Food Shop.
  2824 | D        | Found Roaqa's Jewellery Shoppe.
  2824 | D        | Noticed a merfolk javelineer
  2826 | D        | Killed a merfolk javelineer
  2826 | D        | Reached XP level 12. HP: 62/62 MP: 25/30
  2835 | D        | Reached skill level 17 in Stealth
  2853 | D        | Got a barnacled rune of Zot
  3038 | D        | Noticed Rupert
  3043 | D        | Killed Rupert
  3067 | D        | Noticed a death yak
  3068 | D        | Noticed a death yak
  3069 | D        | Noticed an azure jelly
  3069 | D        | Noticed a death yak
  3069 | D        | Noticed an azure jelly
  3069 | D        | Noticed a death yak
  3070 | D        | Killed a death yak
  3071 | D        | Killed a death yak
  3074 | D        | Killed a death yak
  3076 | D        | Killed a death yak
  3076 | D        | Reached skill level 18 in Stealth
  3239 | D        | Noticed an anaconda
  3241 | D        | Noticed an anaconda
  3250 | D        | Killed an anaconda
  3250 | D        | Reached skill level 10 in Transmutations
  3252 | D        | Killed an anaconda
  3338 | D        | Noticed an anaconda
  3341 | D        | Killed an anaconda
  3351 | D        | Reached XP level 13. HP: 67/67 MP: 24/32
  3417 | D        | Reached skill level 10 in Armour
  3554 | D        | Noticed a greater naga
  3554 | D        | Found Iclil's Antique Weapon Boutique.
  3554 | D        | Found Witafede's Food Emporium.
  3554 | D        | Found Qozeohi's Gadget Shop.
  3555 | D        | Reached skill level 15 in Spellcasting
  3557 | D        | Killed a greater naga
  3557 | D        | Reached skill level 19 in Stealth
  3580 | D        | Got a serpentine rune of Zot
  3656 | D        | Noticed an azure jelly
  3656 | D        | Noticed an azure jelly
  3657 | D        | Noticed a dire elephant
  3657 | D        | Noticed a dire elephant
  3657 | D        | Noticed Gastronok
  3659 | D        | Killed Gastronok
  4102 | D        | Lost mutation: You regenerate slowly when monsters are visible. [evolution]
  4188 | D        | Killed a dire elephant
  4338 | D        | Killed a dire elephant
  4441 | D        | Noticed Sigmund
  4441 | D        | Noticed Edmund
  4443 | D        | Killed Sigmund
  4444 | D        | Killed Edmund
  4493 | D        | Found Muino's Food Boutique.
  4731 | D        | Noticed a deep elf demonologist
  4735 | D        | Reached skill level 20 in Stealth
  4745 | D        | Noticed a deep elf annihilator
  4802 | D        | Noticed a deep elf annihilator
  4805 | D        | Killed a deep elf annihilator
  4864 | D        | Noticed a deep elf annihilator
  4898 | D        | Killed a deep elf annihilator
  4900 | D        | Reached skill level 15 in Short Blades
  5011 | D        | Noticed a deep elf death mage
  5011 | D        | Killed a deep elf demonologist
  5011 | D        | Reached skill level 1 in Shields
  5016 | D        | Noticed a deep elf master archer
  5149 | D        | Killed a deep elf annihilator
  5149 | D        | Reached XP level 14. HP: 74/74 MP: 17/35
  5240 | D        | Killed a deep elf master archer
  5823 | D        | Found Nievuehe's Book Emporium.
  5823 | D        | Found Muilila's Assorted Antiques.
  5823 | D        | Found Fuvyututi's Distillery.
  5823 | D        | Found Xekheagg's Antique Armour Shoppe.
  5823 | D        | Found Niulishru's Gadget Boutique.
  5823 | D        | Found Oqaennis's Jewellery Emporium.
  5823 | D        | Found Fetal's Food Shoppe.
  5823 | D        | Found Ifoled's Jewellery Shop.
  5823 | D        | Found Cydegoud's Magic Scroll Shop.
  5823 | D        | Found Xezopim's Weapon Emporium.
  5823 | D        | Found Vepumev's Antique Weapon Emporium.
  5823 | D        | Found Soke's Magic Scroll Boutique.
  5846 | D        | Bought a bloodstained cloak for 237 gold pieces
  5846 | D        | Bought a glowing buckler for 112 gold pieces
  5861 | D        | Identified the +1 cloak "Naumm" {Dex+3 SInv} (You bought it in a shop in the Dungeon)
  5903 | D        | Bought a book of Enchantments for 550 gold pieces
  5908 | D        | Learned a level 4 spell: Cause Fear
  5915 | D        | Learned a level 6 spell: Deflect Missiles
  5922 | D        | Learned a level 6 spell: Haste
  5941 | D        | Reached skill level 1 in Charms
  6032 | D        | Bought a scroll of brand weapon for 260 gold pieces
  6032 | D        | Bought a scroll of identify for 26 gold pieces
  6032 | D        | Bought a scroll of identify for 26 gold pieces
  6133 | D        | Reached skill level 1 in Air Magic
  6159 | D        | Reached skill level 21 in Stealth
  6296 | D        | Noticed Chuck
  6306 | D        | Noticed Frederick
  6561 | D        | Killed Frederick
  6680 | D        | Noticed a lich
  6682 | D        | Killed a lich
  6682 | D        | Reached skill level 5 in Charms
  6706 | D        | Noticed a shadow dragon
  6709 | D        | Killed a shadow dragon
  6710 | D        | Noticed a shadow dragon
  6713 | D        | Killed a shadow dragon
  7035 | D        | Reached skill level 22 in Stealth
  7063 | D        | Noticed a lich
  7065 | D        | Killed a lich
  7065 | D        | Reached XP level 15. HP: 80/80 MP: 32/38
  7077 | D        | Learned a level 8 spell: Discord
  7095 | D        | Noticed a sphinx
  7095 | D        | Noticed a sphinx
  7098 | D        | Killed a sphinx
  7099 | D        | Killed a sphinx
  7099 | D        | Reached skill level 10 in Earth Magic
  7845 | D        | Gained mutation: You are weak. (Str -2) [evolution]
  8001 | D        | Reached skill level 10 in Fighting
  8279 | D        | Noticed Boris
  8290 | D        | Reached skill level 5 in Air Magic
  8418 | D        | Reached skill level 10 in Ice Magic
  8476 | D        | Killed Boris
  8476 | D        | Reached skill level 23 in Stealth
  8622 | D        | Found Biab's Armour Emporium.
  8622 | D        | Found Ceimo's Gadget Shop.
  8622 | D        | Found Weahup's Food Shop.
  8622 | D        | Found Ikimaejy's Distillery.
  8840 | D        | Noticed Mara
  8863 | D        | Noticed Kidiri's illusion
  8873 | D        | Slain by a vampire knight

Skill      XL: |  1  2  3  4  5  6  7  8  9 10 11 12 13 14 15 |
---------------+----------------------------------------------+-----
Short Blades   | 2 4 5 6 7 8 9 10 12 13 15 16 17 | 17.7
Spellcasting   | 3 4 6 7 8 9 10 11 13 14 16 18 19 | 19.0
Fighting       | 1 2 3 4 5 6 7 8 9 10 | 10.3
Armour         | 1 2 3 4 6 7 8 9 11 12 | 12.7
Dodging        | 4 6 7 9 11 12 13 15 17 18 20 21 | 21.8
Stealth        | 5 7 8 10 12 13 14 16 18 20 22 23 | 23.6
Hexes          | 4 5 6 7 8 9 10 11 12 13 14 | 14.4
Conjurations   | 1 2 3 4 5 6 7 8 9 |  9.6
Ice Magic      | 1 2 3 4 5 6 7 8 9 10 | 10.3
Invocations    | 1 2 |  2.4
Transmutations | 1 2 4 5 7 8 10 11 13 14 | 14.2
Earth Magic    | 1 3 4 5 6 7 8 9 10 | 10.6
Shields        | 1 3 4 |  4.9
Charms         | 7 9 |  9.3
Air Magic      | 4 5 |  5.8

Action                   |  1- 3 |  4- 6 |  7- 9 | 10-12 | 13-15 || total
-------------------------+-------+-------+-------+-------+-------++-------
Melee: Dagger            |    36 |    16 |    35 |   109 |   191 ||   387
       Quick blade       |       |       |       |       |    84 ||    84
 Cast: Confuse           |     2 |       |     5 |     1 |     5 ||    13
       Dazzling Spray    |     1 |    16 |     1 |    10 |    86 ||   114
       Ensorcelled Hiber |     1 |     3 |    11 |    49 |    23 ||    87
       Tukima's Dance    |       |     2 |       |       |    11 ||    13
       Stone Arrow       |       |       |     7 |    11 |    51 ||    69
       Passwall          |       |       |       |       |     2 ||     2
       Lee's Rapid Decon |       |       |       |       |    32 ||    32
       Cause Fear        |       |       |       |       |     1 ||     1
       Petrify           |       |       |       |       |     1 ||     1
Invok: Shadow Step       |       |       |     1 |    13 |    20 ||    34
  Use: Potion            |     5 |     1 |       |       |     4 ||    10
       Scroll            |     2 |       |       |       |     8 ||    10
 Stab: Sleeping          |     5 |     3 |    12 |    74 |    77 ||   171
       Invisible         |       |     1 |     2 |     5 |     4 ||    12
       Confused          |       |       |     3 |     1 |     3 ||     7
  Eat: Fruit             |       |       |     3 |       |     6 ||     9
Armor: Robe              |     3 |     3 |       |     1 |    10 ||    17
Dodge: Dodged            |    18 |    22 |    23 |    67 |   150 ||   280
Block: Buckler           |       |       |       |       |    23 ||    23
